 Dungeon Crawl Stone Soup version 0.32-a0-391-gce5c0aa (webtiles) character file.

Game seed: 16892333681984881984

94 gremlin the Sneak (level 4, -3/21 HPs)
             Began as a Spriggan Enchanter on Feb 19, 2024.
             Killed from afar by Natasha (6 damage)
             ... with a magic dart
             ... on level 2 of the Dungeon.
             The game lasted 00:06:04 (1300 turns).

gremlin the Sneak (Spriggan Enchanter)              Turns: 1300, Time: 00:06:04

Health: -3/21      AC:  2    Str:  4    XL:     4   Next: 38%
Magic:  7/10       EV: 18    Int: 18    God:
Gold:   48         SH:  0    Dex: 15    Spells: 1/9 levels left

rFire   . . .        a - +1 dagger
rCold   . . .        (no shield)
rNeg    . . .        b - +0 robe
rPois   .            j - +0 hat
rElec   .            (no cloak)
rCorr   .            (gloves unavailable)
SInv    +            (boots unavailable)
Will    .....        (no amulet)
Stlth   +++          (no ring)
HPRegen 0.23/turn    (no ring)
MPRegen 0.12/turn

%: no passive effects
@: confusing by touch, invisible, very quick
A: very small, no large weapons, unfitting armour, see invisible, speed 3
a: no special abilities


You were on level 2 of the Dungeon.
You visited 1 branch of the dungeon, and saw 2 of its levels.

You collected 48 gold pieces.

Inventory:

Hand Weapons
 a - a +1 dagger (weapon)
Armour
 b - a +0 robe (worn)
 j - a +0 hat (worn)
Scrolls
 e - a scroll of blinking {unknown}
 f - a scroll of identify {unknown}
 h - a scroll of fog {unknown}
 l - a scroll of vulnerability {unknown}
 m - 3 scrolls of revelation {unknown}
Potions
 d - a potion of resistance {unknown}
 g - a potion of heal wounds {unknown}
 i - a potion of degeneration {unknown}
 k - 2 potions of mutation {unknown}


   Skills:
 + Level 2.2 Short Blades
 + Level 3.6 Dodging
 + Level 5.3 Stealth
 + Level 3.4 Spellcasting
 + Level 4.3 Hexes


You had one spell level left.
You knew the following spells:

 Your Spells              Type           Power      Damage    Failure   Level
a - Ensorcelled Hibernat  Hex/Ice        20%        N/A       10%         2
b - Confusing Touch       Hex            18%        N/A       8%          3
c - Tukima's Dance        Hex            18%        N/A       8%          3

Your spell library contained the following spells:

 Spells                   Type           Power      Damage    Failure   Level
 Dazzling Flash           Conj/Hex       20%        N/A       19%         3
 Passwall                 Erth           3%         N/A       43%         3
 Swiftness                Air            3%         N/A       43%         3


Dungeon Overview and Level Annotations

Branches:
Dungeon (2/15)

Altars:

Annotations:
D:2 Natasha


Innate Abilities, Weirdness & Mutations

You are very small and have problems with some larger weapons.
You are too small for most types of armour.
You have supernaturally acute eyesight. (SInv)
You cover ground extremely quickly. (Speed+++)


Message History

You barely miss the giant cockroach.
The giant cockroach is lightly wounded.
The giant cockroach bites you but does no damage.
You barely miss the giant cockroach.
The giant cockroach is lightly wounded.
The giant cockroach bites you but does no damage.
You closely miss the giant cockroach.
The giant cockroach is lightly wounded.
The giant cockroach misses you.
You hit the giant cockroach but do no damage.
The giant cockroach is lightly wounded.
The giant cockroach misses you. The rat bites you.
Casting: Ensorcelled Hibernation (safe; 10% risk of failure)
Confirm with . or Enter, or press ? or * to list all spells.
Aiming: Ensorcelled Hibernation (safe; 10% risk of failure)
Press: ? - help, Shift-Dir - straight line, f - Natasha
Aim: Natasha (chance to affect: 44%)
Okay, then.
Unknown command.
Casting: Ensorcelled Hibernation (safe; 10% risk of failure)
Confirm with . or Enter, or press ? or * to list all spells.
Your hands begin to glow red.
The giant cockroach misses you. The rat misses you.
The giant cockroach attacks as it pursues you!
The giant cockroach bites you but does no damage.
You completely miss the giant cockroach.
The giant cockroach is lightly wounded.
The rat bites you. The giant cockroach closely misses you.
Natasha stares at you and mumbles some strange words.
The magic dart hits you.
You fade into invisibility!
The rat completely misses you. The giant cockroach closely misses you.
Natasha stares at you and mumbles some strange words.
The magic dart hits you!
* * * LOW HITPOINT WARNING * * *
Natasha mumbles some strange words.
Natasha stares at you and mumbles some strange words.
The magic dart hits you.
You die...
Natasha begins licking her fur clean.

..?.........##.....#....#......
#......B.##.....#...........
#..†.55r....................
#####...h................÷..
#.........................
#........................#
#........#######..........
######.........#..........
#....@.........÷##....
#...............##....
#................#....
#................+....
#................##...
#..........#'#...##...
#....#######.#...##... #...##
#.#...###'# #...# #.#...# #.#


You could see Natasha, 2 cerulean imps, a giant cockroach (wandering, unable to
see you) and a rat (unable to see you).

Vanquished Creatures
  Natasha (D:2)
  3 dart slugs (D:2)
  A ribbon worm (D:2)
  4 ball pythons
  6 endoplasms
  A giant cockroach (D:1)
  A goblin (D:1)
  2 hobgoblins (D:1)
  5 kobolds (D:1)
  2 quokkas
  4 bats
  2 frilled lizards
  4 rats
36 creatures vanquished.

Notes
Turn   | Place    | Note
-------+----------+-------------------------------------------
     0 | D:1      | gremlin the Spriggan Enchanter began the quest for the Orb.
     0 | D:1      | Reached XP level 1. HP: 9/9 MP: 5/5
    98 | D:1      | Reached XP level 2. HP: 13/13 MP: 6/6
   235 | D:1      | Learned a level 2 spell: Ensorcelled Hibernation
   274 | D:1      | Reached XP level 3. HP: 16/16 MP: 8/8
   500 | D:1      | Reached skill level 5 in Stealth
   776 | D:2      | Noticed Natasha
   950 | D:2      | Learned a level 3 spell: Confusing Touch
   954 | D:2      | Learned a level 3 spell: Tukima's Dance
   977 | D:2      | Killed Natasha
   978 | D:2      | Reached XP level 4. HP: 21/21 MP: 8/10
  1285 | D:2      | Noticed Natasha
  1300 | D:2      | Killed from afar by Natasha

Illustrated notes

Levels and vault maps discovered:
D:1:      psy_arrival_heroes, layout_basic, serial_corexii_hall,
          chequers_hall_statues_corner_a, corexii_hall_statues_x,
          serial_park_tiny_1, amcnicky_mini_rare_corridor_liquid,
          kennysheep_another_room, minmay_misc_feat_five
D:2:      layout_basic, minmay_misc_feat_alley, minmay_heptomino_d4,
          uniq_natasha, uniq_sigmund

Skill      XL: |  1  2  3 |
---------------+----------+-----
Dodging        | 3 |  3.6
Spellcasting   | 3 |  3.4
Hexes          | 4 |  4.3
Stealth        | 5 |  5.3
Short Blades   | 2 |  2.2

Action                     |  1- 3 |  4- 6 || total
---------------------------+-------+-------++-------
  Melee: Dagger            |    97 |    20 ||   117
   Cast: Ensorcelled Hiber |     6 |     2 ||     8
         Confusing Touch   |     1 |     3 ||     4
    Use: Potion            |     1 |     1 ||     2
   Stab: Sleeping          |     7 |     4 ||    11
         Confused          |     1 |     1 ||     2
 Armour: Robe              |    30 |     8 ||    38
  Dodge: Dodged            |    79 |    18 ||    97

Table legend: (Time is in decaauts)
 A = Elapsed time spent in this place.
 B = Non-inter-level travel time spent in this place.
 C = Inter-level travel time spent in this place.
 D = Time resting spent in this place.
 E = Time spent auto-exploring this place.
 F = Levels seen in this place.
 G = Mean time per level.
                   A        B        C        D        E       F      G
               +--------+--------+--------+--------+--------+-----+--------+
         Total |    948 |    906 |     42 |     40 |    596 |   2 |  474.0 |
       Dungeon |    948 |    906 |     42 |     40 |    596 |   2 |  474.0 |
               +--------+--------+--------+--------+--------+-----+--------+

Top non-repeatable levels by time:
     D:1: 584 daAuts
     D:2: 364 daAuts
